 Dungeon Crawl Stone Soup version 0.26-a0-668-gd58323b419 (webtiles) character file.

Game seed: 14107683774470080364

29 marklar909 the Skirmisher (level 3, 0/30 HPs)
             Began as a Formicid Abyssal Knight on Oct 19, 2020.
             Was a Follower of Lugonu.
             Succumbed to an adder's poison
             ... on level 2 of the Dungeon.
             The game lasted 00:01:31 (1172 turns).

marklar909 the Skirmisher (Formicid Abyssal Knight) Turns: 1172, Time: 00:01:31

Health: 0/30       AC:  3    Str: 17    XL:     3   Next: 32%
Magic:  4/4        EV: 11    Int: 11    God:    Lugonu [*.....]
Gold:   136        SH:  0    Dex: 10    Spells: 2/2 levels left

rFire    . . .     SeeInvis +   a - +1 spear
rCold    . . .     Faith    .   (no shield)
rNeg     . . .     Spirit   .   b - +0 leather armour
rPois    .         Reflect  .   (helmet unavailable)
rElec    .         Harm     .   (no cloak)
rCorr    .         Rampage  .   (no gloves)
MR       .....                  (no boots)
Stlth    +.........             (no amulet)
HPRegen  0.10/turn              (no ring)
MPRegen  0.09/turn              (no ring)

@: mighty, lethally poisoned (0 -> -2), flying
A: permanent stasis, dig shafts and tunnels, four strong arms, antennae 3
a: Dig, Shaft Self, Depart the Abyss, Renounce Religion


You were on level 2 of the Dungeon.
You worshipped Lugonu.
Lugonu was aware of your devotion.
You visited 1 branch of the dungeon, and saw 2 of its levels.
You visited the Abyss 1 time.

You collected 136 gold pieces.

Inventory:

Hand Weapons
 a - a +1 spear (weapon)
Missiles
 h - 6 poisoned darts (quivered)
Armour
 b - a +0 leather armour (worn)
Jewellery
 f - an uncursed ring of see invisible {unknown}
Scrolls
 c - 2 scrolls of identify {unknown}
 d - a scroll of remove curse {unknown}
 e - a scroll of teleportation {unknown}
Potions
 i - a potion of flight


   Skills:
 + Level 4.2 Fighting
 + Level 2.3 Polearms
 + Level 0.3 Throwing
 + Level 2.2 Armour
 + Level 1.0 Dodging
 + Level 0.1 Stealth
 + Level 2.3 Invocations


You had 2 spell levels left.
You didn't know any spells.
Your spell library was empty.

Dungeon Overview and Level Annotations

Branches:
Dungeon (2/15)

Altars:


Innate Abilities, Weirdness & Mutations

You cannot be hasted, slowed, berserked, paralysed or teleported.
You can dig through walls and to a lower floor.
Your four strong arms can wield two-handed weapons with a shield.
You have a pair of large antennae on your head. (SInv)


Message History

You see here 5 poisoned darts.
* * * LOW HITPOINT WARNING * * *
You feel sick.
* * * LOW HITPOINT WARNING * * *
You feel sick.
* * * LOW HITPOINT WARNING * * *
You feel sick.
You see here a dark potion.
j - a dark potion It was a potion of magic.
Magic courses through your body.
It was a potion of might.
You feel very mighty all of a sudden.
* * * LOW HITPOINT WARNING * * *
You feel sick.
There is a lethal amount of poison in your body!
There is a lethal amount of poison in your body!
There is a lethal amount of poison in your body!
* * * LOW HITPOINT WARNING * * *
You feel sick.
You die...

....#### ....'..#
...(##'#######
.........)...#
#####....♣.♣.#
#...♣..♣♣#
#...♣.P.♣
#...♣..P♣########
#.>.♣♣P.♣+..@...##
#...♣PP.♣###.....#
##.##♣♣♣# #...#.#
#.#########...#.##.
#........(+..((....
##########..♣P....#
#..P.♣♣♣P.P.
#.P♣.♣♣ ♣♣♣.
#PP♣♣♣.


There were no monsters in sight!

Vanquished Creatures
  An adder (D:2)
  An ooze (D:1)
  A giant cockroach (D:1)
  A goblin (D:1)
  2 hobgoblins
  A quokka (D:2)
  3 bats (D:1)
  A frilled lizard (D:1)
  3 kobolds
  3 rats
17 creatures vanquished.

Notes
Turn   | Place    | Note
-------+----------+-------------------------------------------
     0 | Abyss:1  | marklar909 the Formicid Abyssal Knight began the quest for
                  | the Orb.
     0 | Abyss:1  | Reached XP level 1. HP: 18/18 MP: 2/2
    48 | Abyss:1  | Noticed a small abomination
    98 | Abyss:2  | Noticed a small abomination
   107 | Abyss:2  | Noticed a cane toad zombie
   108 | D:1      | Escaped the Abyss
   233 | D:1      | Reached XP level 2. HP: 22/25 MP: 3/3
   583 | D:1      | Reached skill level 4 in Fighting
   835 | D:1      | Reached skill level 1 in Dodging
  1150 | D:2      | Reached XP level 3. HP: 10/30 MP: 4/4
  1153 | D:2      | Reached * piety under Lugonu
  1165 | D:2      | HP: 1/30 [poisoned by an adder]
  1172 | D:2      | Succumbed to an adder's poison

Illustrated notes

Levels and vault maps discovered:
D:1:      giann_wishing_wells, layout_basic
D:2:      layout_basic, serial_forest, infiniplex_forest_end_1,
          infiniplex_forest_lined_3, infiniplex_forest_zigzag_1,
          infiniplex_forest_end_3, infiniplex_forest_straight_3,
          infiniplex_forest_clump_long, infiniplex_forest_clump_long,
          fedhas_altar_fruit_tree

Skill      XL: |  1  2 |
---------------+-------+-----
Fighting       | 4 |  4.2
Dodging        | 1 |  1.0
Polearms       | |  2.3
Throwing       | |  0.3
Armour         | |  2.2
Stealth        | |  0.1
Invocations    | |  2.3

Action                   || total
-------------------------++-------
Melee: Spear             ||    52
Throw: Dart              ||    19
Invok: Depart the Abyss  ||     1
  Use: Potion            ||     3
Armor: Leather armour    ||    14
Dodge: Dodged            ||    29

Table legend: (Time is in decaauts)
 A = Elapsed time spent in this place.
 B = Non-inter-level travel time spent in this place.
 C = Inter-level travel time spent in this place.
 D = Time resting spent in this place.
 E = Time spent auto-exploring this place.
 F = Levels seen in this place.
 G = Mean time per level.
                   A        B        C        D        E       F      G
               +--------+--------+--------+--------+--------+-----+--------+
         Total |   1171 |   1151 |     20 |      0 |    977 |   4 |  292.8 |
       Dungeon |   1063 |   1043 |     20 |      0 |    892 |   2 |  531.5 |
         Abyss |    107 |    107 |      0 |      0 |     85 |   2 |   53.5 |
               +--------+--------+--------+--------+--------+-----+--------+

Top non-repeatable levels by time:
     D:1: 927 daAuts
     D:2: 135 daAuts
 Abyss:1: 57 daAuts
 Abyss:2: 50 daAuts
